 Dungeon Crawl Stone Soup version 0.22.1-2-g9c5b331 (webtiles) character file.

166 Lilu the Conjurer (level 5, -2/28 HPs)
             Began as a Deep Elf Conjurer on Nov 23, 2018.
             Slain by an orc
             ... wielding a +0 flail
              (8 damage)
             ... on level 4 of the Dungeon on Nov 24, 2018.
             The game lasted 00:11:19 (3419 turns).

Lilu the Conjurer (Deep Elf Conjurer)               Turns: 3419, Time: 00:11:20

Health: -2/28      AC:  2    Str:  7    XL:     5   Next: 22%
Magic:  14/15      EV: 13    Int: 21    God:
Gold:   119        SH:  0    Dex: 15    Spells: 8/15 levels left

rFire    x . .     SeeInvis .   p - +2 flail (crush)
rCold    + . .     Gourm    .   (no shield)
rNeg     . . .     Faith    .   a - +0 robe
rPois    .         Spirit   .   (no helmet)
rElec    .         Reflect  .   (no cloak)
rCorr    .         Harm     .   (no gloves)
MR       .....                  (no boots)
Stlth    ++........             (no amulet)
HPRegen  0.09/turn              r - +2 ring of strength
MPRegen  0.14/turn              q - ring of ice

@: no status effects
A: no striking features
a: no special abilities


You were on level 4 of the Dungeon.
You were hungry.

You visited 1 branch of the dungeon, and saw 4 of its levels.

You collected 119 gold pieces.

Inventory:

Hand Weapons
 h - a +4 spear
 p - a +2 flail of crushing (weapon)
Armour
 a - a +0 robe (worn)
Jewellery
 o - an uncursed ring of flight
 q - a ring of ice (right hand)
 r - a +2 ring of strength (left hand)
Scrolls
 b - 5 scrolls of identify {unknown}
 e - 2 scrolls of remove curse {unknown}
 g - a scroll of teleportation {unknown}
 i - a scroll of magic mapping {unknown}
 j - a scroll of amnesia {unknown}
 s - a scroll of immolation {unknown}
Potions
 d - 3 potions of heal wounds {unknown}
 f - 2 potions of curing {unknown}
 k - a potion of brilliance {unknown}
 l - 2 potions of haste {unknown}
 n - a potion of mutation {unknown}
Comestibles
 c - 7 rations


   Skills:
 - Level 2.4 Dodging
 - Level 2.4 Stealth
 + Level 5.6 Spellcasting
 + Level 5.9 Conjurations


You had 8 spell levels left.
You knew the following spells:

 Your Spells              Type           Power        Failure   Level  Hunger
a - Magic Dart            Conj           ####         1%          1    None
b - Searing Ray           Conj           ####..       1%          2    None
c - Iskenderun's Mystic   Conj           ####....     9%          4    ####...

Your spell library contained the following spells:

 Spells                   Type           Power        Failure   Level  Hunger
 Dazzling Spray           Conj/Hex       ###...       9%          3    ##.....
 Force Lance              Conj/Tloc      ###.....     30%         4    ####...
 Fulminant Prism          Conj/Hex       ###.......   30%         4    ####...


Dungeon Overview and Level Annotations

Branches:
Dungeon (4/15)
 Temple: D:4-7

Altars:
Gozag

Annotations:
D:3 3 runed doors, FallenPrincess's ghost, amateur DsSk


Message History

The orc is severely wounded.
The orc hits you with a club. The orc completely misses you.
You sock the orc!
You kill the orc!
The orc closely misses you.
You hit the orc.
The orc is almost dead.
You are feeling hungry.
The orc barely misses you.
You barely miss the orc.
The orc is almost dead.
The orc hits you with a flail.
* * * LOW HITPOINT WARNING * * *
You barely miss the orc.
The orc is severely wounded.
The orc barely misses you.
You closely miss the orc.
The orc is severely wounded.
The orc misses you. The orc hits you with a flail!
You die...

##..............
#......%........
#..............(
#...............
#...............
#?......†.......
#...........$...
#.....)o.......
##....@##......
#....#### ##....
#### ... .. .


You could see an orc.

Vanquished Creatures
  An orc wizard (D:3)
  A worker ant (D:4)
  4 adders
  An ooze (D:2)
  6 worms
  A leopard gecko (D:3)
  4 orcs
  A giant cockroach (D:3)
  9 goblins
  A hobgoblin (D:2)
  7 jackals
  4 bats
  4 frilled lizards
  6 kobolds
  4 rats
54 creatures vanquished.

Notes
Turn   | Place    | Note
-------+----------+-------------------------------------------
     0 | D:1      | Lilu the Deep Elf Conjurer began the quest for the Orb.
     0 | D:1      | Reached XP level 1. HP: 10/10 MP: 6/6
   402 | D:1      | Reached XP level 2. HP: 15/15 MP: 5/8
   406 | D:1      | Learned a level 2 spell: Searing Ray
  1503 | D:2      | Reached skill level 5 in Conjurations
  1503 | D:2      | Reached XP level 3. HP: 19/19 MP: 6/10
  2255 | D:3      | Reached XP level 4. HP: 24/24 MP: 8/12
  2289 | D:3      | Learned a level 4 spell: Iskenderun's Mystic Blast
  2572 | D:3      | Reached skill level 5 in Spellcasting
  2783 | D:3      | Found a runed gate.
  2784 | D:3      | Found an opulent altar of Gozag.
  2784 | D:3      | Noticed an orc warrior
  2785 | D:3      | Found a runed gate.
  2785 | D:3      | Found a runed gate.
  2785 | D:3      | Noticed FallenPrincess's ghost (amateur DsSk)
  2861 | D:3      | Reached XP level 5. HP: 28/28 MP: 9/14
  3419 | D:4      | Slain by an orc

Skill      XL: |  1  2  3  4 |
---------------+-------------+-----
Spellcasting   | 4 5 |  5.6
Conjurations   | 5 |  5.9
Dodging        | |  2.4
Stealth        | |  2.4

Action                   |  1- 3 |  4- 6 || total
-------------------------+-------+-------++-------
Melee: Flail             |       |    15 ||    15
 Cast: Magic Dart        |    55 |    20 ||    75
       Searing Ray       |     6 |     6 ||    12
  Eat: Chunk             |     3 |     4 ||     7
Armor: Robe              |     5 |     2 ||     7
Dodge: Dodged            |    10 |    18 ||    28
